Maple Leafs vs Sabres
Created - 14 février 2017 at 20:03
Goals
|
Maple Leafs |
1 |
2 |
0 |
3 |
Sabres |
1 |
0 |
4 |
5 |
|
Shots
|
Maple Leafs |
12 |
23 |
6 |
41 |
Sabres |
7 |
7 |
15 |
29 |
|
1st period
1. Sabres , Jaromir Jagr 8 (Danny Richmond) at 14:32 (SH)
2. Maple Leafs , Claude Giroux 34 (Jordan Staal) at 15:24 (PP)
Penalties :
Erik Christensen (Buf) for Hooking (Minor) at 14:15
2nd period
3. Maple Leafs , Claude Giroux 35 (Jordan Staal, Taylor Chorney) at 10:36
4. Maple Leafs , Claude Giroux 36 (Alexander Frolov, Jordan Staal) at 16:42 (PP)
Penalties :
Rob Schremp (Tor) for Hooking (Minor) at 1:59, Fabian Brunnstrom (Tor) for Interference (Minor) at 11:22, Evander Kane (Buf) for Roughing (Minor) at 16:37
3rd period
5. Sabres , Jaromir Jagr 9 (Evander Kane) at 0:14
6. Sabres , Evander Kane 14 (J.T. Miller) at 2:57
7. Sabres , Mike Leclerc 4 (Danny Richmond, Jordan Leopold) at 12:29
8. Sabres , Erik Christensen 9 (Matt Martin, Jakub Kindl) at 15:29
Penalties :
Zac Dalpe (Tor) for Hooking (Minor) at 3:40, Mike Leclerc (Buf) for Cross-checking (Minor) at 18:38
Goalie Stats
Marc-André Fleury (Tor), 24 saves from 29 shots - (0,828), L, 24-11-6, 60:00 minutes
Robin Lehner (Buf), 38 saves from 41 shots - (0,927), W, 21-18-2, 60:00 minutes
Players Stats for Maple Leafs
Player Name G A P +/- PIM S H SB GA TA FO MP PP MP PK MP
------------------------------------------------------------------------------------
Alexander Frolov 0 1 1 -1 0 5 3 2 1 0 2/4 21:54 1:33 2:20
Blake Comeau 0 0 0 -1 0 1 0 0 1 1 0/0 8:05 0:00 1:06
Braydon Coburn 0 0 0 -4 0 5 1 1 0 2 0/0 28:35 1:36 2:59
Claude Giroux 3 0 3 -1 0 8 2 2 2 1 0/2 22:47 1:33 3:25
Colby Armstrong 0 0 0 -1 0 1 2 2 0 1 0/0 12:29 1:02 0:00
Eric Nystrom 0 0 0 -1 0 2 1 0 0 0 0/0 12:17 0:00 0:12
Fabian Brunnstrom 0 0 0 -1 2 2 1 0 1 0 1/1 15:36 1:02 0:00
Jamie McBain 0 0 0 0 0 0 3 0 0 0 0/0 16:20 0:00 0:00
Jordan Staal 0 3 3 -1 0 5 2 1 0 0 16/32 22:47 1:33 3:25
Justin Abdelkader 0 0 0 -1 0 0 1 0 0 0 0/0 6:48 0:00 0:00
Justin Schultz 0 0 0 0 0 2 0 0 0 1 0/0 11:22 0:00 0:00
Marc-Édouard Vlasic 0 0 0 0 0 1 1 0 0 1 0/0 20:03 0:59 2:58
Michael Grabner 0 0 0 -1 0 2 1 0 0 0 0/0 14:34 0:00 0:00
Rob Schremp 0 0 0 -1 2 3 0 0 2 1 5/20 17:15 1:02 1:01
Ryan Carter 0 0 0 -1 0 0 2 0 0 0 0/2 7:51 0:00 0:25
Taylor Chorney 0 1 1 0 0 0 0 0 0 1 0/0 15:05 0:59 2:58
Tobias Enstrom 0 0 0 -4 0 2 0 2 1 1 0/0 28:35 1:36 2:59
Zac Dalpe 0 0 0 -1 2 2 2 0 0 0 1/7 11:37 0:00 0:00
Players Stats for Sabres
Player Name G A P +/- PIM S H SB GA TA FO MP PP MP PK MP
------------------------------------------------------------------------------------
Boyd Devereaux 0 0 0 0 0 2 0 1 1 0 3/8 13:06 0:01 1:22
Brandon Bollig 0 0 0 0 0 0 2 0 0 0 1/1 11:44 0:01 0:00
Danny Richmond 0 2 2 2 0 5 2 0 3 1 0/0 23:06 4:04 1:54
Erik Christensen 1 0 1 2 2 3 0 0 1 0 14/18 17:00 2:35 0:00
Evander Kane 1 1 2 0 2 2 1 0 1 0 1/1 19:52 3:21 0:39
J.T. Miller 0 1 1 0 0 0 0 0 0 0 18/27 19:24 3:21 0:10
Jakub Kindl 0 1 1 3 0 0 0 0 0 1 0/0 16:30 0:00 0:00
Jaromir Jagr 2 0 2 1 0 2 2 0 1 0 0/1 17:57 0:07 1:19
Jordan Leopold 0 1 1 1 0 0 1 1 0 1 0/0 20:05 1:53 0:41
Kyle Okposo 0 0 0 2 0 2 1 1 1 1 0/0 17:32 3:15 0:00
Matt Martin 0 1 1 2 0 1 4 0 0 1 1/1 17:01 2:35 0:00
Michael Haley 0 0 0 1 0 1 2 0 0 0 0/0 9:26 0:00 0:00
Mike Leclerc 1 0 1 1 2 2 0 0 0 0 0/0 10:02 0:00 0:37
Patrice Cormier 0 0 0 2 0 1 2 0 1 0 5/11 10:29 0:00 1:03
Randy Jones 0 0 0 3 0 0 0 3 1 1 0/0 19:42 1:53 0:41
Rob Scuderi 0 0 0 0 0 2 2 2 0 1 0/0 19:06 0:00 1:54
Zach Bogosian 0 0 0 -1 0 4 2 0 0 1 0/0 21:31 4:04 0:00
Zack Kassian 0 0 0 0 0 2 1 0 0 0 0/0 13:49 2:35 0:00
3 Stars
1 - Claude Giroux (Tor)
2 - Jaromir Jagr (Buf)
3 - Danny Richmond (Buf)
Power Play
Maple Leafs - 2 on 3 Attempt(s) - 66,67%
Sabres - 0 on 3 Attempt(s) - 0,00%
Penalty Kill
Maple Leafs - 3 on 3 Attempt(s) - 100,00%
- Score 0 goal in Penalty Kill
Sabres - 1 on 3 Attempt(s) - 33,33%
- Score 1 goal in Penalty Kill
Team Stat
Maple Leafs - Hits : 22 - Faceoff Wins : 25 - Blocked Shots : 10 - Penalty Minutes : 6
Sabres - Hits : 22 - Faceoff Wins : 43 - Blocked Shots : 8 - Penalty Minutes : 6
Official
Referees : Kimmerly Greg and StPierre Justin
Linesman : Lyle Seitz and Steve Miller
Game Notes
Claude Giroux has scored a Hat Trick!
Finance
Level 1 -- Attendance: 5514 (91,90%) -- Ticket Income 468 690 $
Level 2 -- Attendance: 5000 (100,00%) -- Ticket Income 250 000 $
Level 3 -- Attendance: 1847 (92,35%) -- Ticket Income 55 410 $
Level 4 -- Attendance: 3922 (98,05%) -- Ticket Income 78 440 $
Luxury Box -- Attendance: 984 (98,40%) -- Ticket Income 157 440 $
Game was played at the Duff Garden.
Total Attendance: 17267 (95,93%)
Total Ticket Income: 1 009 980 $
Other Income: 151 497 $
Total Income: 1 161 477 $
Maple Leafs
5 vs 5 Forward
Center Left Wing Right Wing Time % Phy DF OF
1 Jordan Staal Alexander Frolov Claude Giroux 40 1 2 2
2 Rob Schremp Fabian Brunnstrom Michael Grabner 30 1 2 2
3 Zac Dalpe Eric Nystrom Colby Armstrong 20 1 2 2
4 Ryan Carter Justin Abdelkader Blake Comeau 10 1 2 2
5 vs 5 Defense
Defense Defense Time % Phy DF OF
1 Tobias Enstrom Braydon Coburn 40 1 2 2
2 Jamie McBain Marc-Édouard Vlasic 30 1 2 2
3 Taylor Chorney Justin Schultz 20 1 2 2
4 Tobias Enstrom Braydon Coburn 10 1 2 2
PowerPlay Forward
Center Left Wing Right Wing Time % Phy DF OF
1 Jordan Staal Alexander Frolov Claude Giroux 60 1 2 2
2 Rob Schremp Fabian Brunnstrom Colby Armstrong 40 1 2 2
PowerPlay Defense
Defense Defense Time % Phy DF OF
1 Tobias Enstrom Braydon Coburn 60 1 2 2
2 Taylor Chorney Marc-Édouard Vlasic 40 1 2 2
Penalty Kill 4 Players Forward
Center Wing Time % Phy DF OF
1 Jordan Staal Claude Giroux 60 1 2 2
2 Rob Schremp Alexander Frolov 40 1 2 2
Penalty Kill 4 Players Defense
Defense Defense Time % Phy DF OF
1 Tobias Enstrom Braydon Coburn 60 1 2 2
2 Taylor Chorney Marc-Édouard Vlasic 40 1 2 2
Penalty Kill - 3 Players Forward
Forward Time % Phy DF OF
1 Jordan Staal 60 1 2 2
2 Claude Giroux 40 1 2 2
Penalty Kill - 3 Players Defense
Defense Defense Time % Phy DF OF
1 Tobias Enstrom Braydon Coburn 60 1 2 2
2 Taylor Chorney Marc-Édouard Vlasic 40 1 2 2
4 vs 4 Forward
Center Wing Time % Phy DF OF
1 Jordan Staal Claude Giroux 60 1 2 2
2 Rob Schremp Alexander Frolov 40 1 2 2
4 vs 4 Defense
Defense Defense Time % Phy DF OF
1 Tobias Enstrom Braydon Coburn 60 1 2 2
2 Taylor Chorney Marc-Édouard Vlasic 40 1 2 2
Last Minutes Offensive
Center Left Wing Right Wing Defense Defense
Jordan Staal Alexander Frolov Claude Giroux Tobias Enstrom Braydon Coburn
Last Minutes Defensive
Center Left Wing Right Wing Defense Defense
Jordan Staal Alexander Frolov Claude Giroux Tobias Enstrom Braydon Coburn
Goaltenders
Starting : Marc-André Fleury
Backup : Alex Stalock
Extra Forwards
Normal : Michael Grabner, Eric Nystrom, Blake Comeau - PP : Michael Grabner, Eric Nystrom - PK : Blake Comeau
Extra Defensemen
Normal : Jamie McBain, Justin Schultz, Taylor Chorney - PP : Jamie McBain - PK : Justin Schultz, Taylor Chorney
Penalty Shots
Claude Giroux, Michael Grabner, Alexander Frolov, Jordan Staal, Fabian Brunnstrom
Sabres
5 vs 5 Forward
Center Left Wing Right Wing Time % Phy DF OF
1 J.T. Miller Evander Kane Jaromir Jagr 34 1 2 2
2 Erik Christensen Matt Martin Kyle Okposo 30 1 2 2
3 Boyd Devereaux Brandon Bollig Zack Kassian 20 1 3 1
4 Patrice Cormier Michael Haley Mike Leclerc 16 1 3 1
5 vs 5 Defense
Defense Defense Time % Phy DF OF
1 Rob Scuderi Zach Bogosian 35 1 3 1
2 Jordan Leopold Danny Richmond 35 1 3 1
3 Jakub Kindl Randy Jones 30 1 3 1
4 Jakub Kindl Randy Jones 0 1 3 1
PowerPlay Forward
Center Left Wing Right Wing Time % Phy DF OF
1 J.T. Miller Evander Kane Kyle Okposo 60 1 1 3
2 Erik Christensen Matt Martin Zack Kassian 40 1 1 3
PowerPlay Defense
Defense Defense Time % Phy DF OF
1 Danny Richmond Zach Bogosian 65 1 2 2
2 Jordan Leopold Randy Jones 35 1 3 1
Penalty Kill 4 Players Forward
Center Wing Time % Phy DF OF
1 Boyd Devereaux Mike Leclerc 50 1 4 0
2 Patrice Cormier Jaromir Jagr 50 1 3 1
Penalty Kill 4 Players Defense
Defense Defense Time % Phy DF OF
1 Rob Scuderi Danny Richmond 65 1 4 0
2 Jordan Leopold Randy Jones 35 1 4 0
Penalty Kill - 3 Players Forward
Forward Time % Phy DF OF
1 Boyd Devereaux 60 0 5 0
2 Mike Leclerc 40 0 5 0
Penalty Kill - 3 Players Defense
Defense Defense Time % Phy DF OF
1 Rob Scuderi Danny Richmond 65 1 4 0
2 Jordan Leopold Randy Jones 35 1 4 0
4 vs 4 Forward
Center Wing Time % Phy DF OF
1 Erik Christensen Mike Leclerc 60 1 2 2
2 Evander Kane Zack Kassian 40 1 2 2
4 vs 4 Defense
Defense Defense Time % Phy DF OF
1 Rob Scuderi Zach Bogosian 50 1 2 2
2 Jordan Leopold Danny Richmond 50 1 3 1
Last Minutes Offensive
Center Left Wing Right Wing Defense Defense
Erik Christensen Evander Kane Kyle Okposo Danny Richmond Zach Bogosian
Last Minutes Defensive
Center Left Wing Right Wing Defense Defense
Boyd Devereaux Mike Leclerc Jaromir Jagr Rob Scuderi Danny Richmond
Goaltenders
Starting : Robin Lehner
Backup : Jonas Hiller
Extra Forwards
Normal : Zack Kassian, J.T. Miller, Evander Kane - PP : Jaromir Jagr, Brandon Bollig - PK : Jaromir Jagr
Extra Defensemen
Normal : Jakub Kindl, Zach Bogosian, Danny Richmond - PP : Rob Scuderi - PK : Zach Bogosian, Jakub Kindl
Penalty Shots
Evander Kane, Jaromir Jagr, Kyle Okposo, Boyd Devereaux, Mike Leclerc
% Time on Ice - Maple Leafs
Lines # - Real PCT - Wanted PCT - Time Play
Normal Forward
1 - 36% - 40% - 18:38
2 - 28% - 30% - 14:35
3 - 22% - 20% - 11:27
4 - 13% - 10% - 6:48
Normal Defense
1 - 40% - 40% - 20:47
2 - 31% - 30% - 16:06
3 - 22% - 20% - 11:22
4 - 6% - 10% - 3:13
PP Forward
1 - 60% - 60% - 1:33
2 - 40% - 40% - 1:02
PP Defense
1 - 62% - 60% - 1:36
2 - 38% - 40% - 0:59
PK Forward
1 - 77% - 60% - 4:35
2 - 23% - 40% - 1:22
PK Defense
1 - 50% - 60% - 2:59
2 - 50% - 40% - 2:58
PK3 Forward
1 - 0% - 60%
2 - 0% - 40%
PK3 Defense
1 - 0% - 60%
2 - 0% - 40%
44 Forward
1 - 0% - 60%
2 - 0% - 40%
44 Defense
1 - 0% - 60%
2 - 0% - 40%
Last Minute Offensive - 0:00
Last Minute Defensive - 0:00
Total
Forward - 60:00
Defense - 60:00
|
% Time on Ice - Sabres
Lines # - Real PCT - Wanted PCT - Time Play
Normal Forward
1 - 32% - 34% - 16:31
2 - 28% - 30% - 14:26
3 - 22% - 20% - 11:05
4 - 18% - 16% - 9:26
Normal Defense
1 - 34% - 35% - 17:27
2 - 34% - 35% - 17:31
3 - 31% - 30% - 16:02
4 - 1% - 0% - 0:28
PP Forward
1 - 57% - 60% - 3:22
2 - 43% - 40% - 2:35
PP Defense
1 - 68% - 65% - 4:04
2 - 32% - 35% - 1:53
PK Forward
1 - 59% - 50% - 1:32
2 - 41% - 50% - 1:03
PK Defense
1 - 74% - 65% - 1:54
2 - 26% - 35% - 0:41
PK3 Forward
1 - 0% - 60%
2 - 0% - 40%
PK3 Defense
1 - 0% - 65%
2 - 0% - 35%
44 Forward
1 - 0% - 60%
2 - 0% - 40%
44 Defense
1 - 0% - 50%
2 - 0% - 50%
Last Minute Offensive - 0:00
Last Minute Defensive - 0:00
Total
Forward - 60:00
Defense - 60:00
|
Play by Play
1st period
0:01 of 1st period - J.T. Miller wins face-off versus Claude Giroux in neutral zone.
1:15 of 1st period - Ryan Carter is hit by Patrice Cormier and loses puck.
1:34 of 1st period - Snap shot by Claude Giroux.
1:34 of 1st period - Shot Misses the Net.
1:36 of 1st period - Wrist shot by Alexander Frolov.
1:36 of 1st period - Stopped by Robin Lehner without a rebound.
1:37 of 1st period - Erik Christensen wins face-off versus Jordan Staal in Sabres zone.
3:24 of 1st period - Marc-Édouard Vlasic is hit by Brandon Bollig and loses puck.
3:59 of 1st period - Wrist shot by Jordan Staal.
3:59 of 1st period - Stopped by Robin Lehner without a rebound.
4:00 of 1st period - J.T. Miller wins face-off versus Rob Schremp in Sabres zone.
4:58 of 1st period - Slapshot by Danny Richmond.
4:58 of 1st period - Stopped by Marc-André Fleury without a rebound.
4:59 of 1st period - J.T. Miller wins face-off versus Rob Schremp in Maple Leafs zone.
5:00 of 1st period - Slapshot by Jaromir Jagr.
5:00 of 1st period - Shot Misses the Net.
5:24 of 1st period - Braydon Coburn is hit by Matt Martin.
5:30 of 1st period - Slapshot by Erik Christensen.
5:30 of 1st period - Shot Misses the Net.
5:46 of 1st period - Slapshot by Blake Comeau.
5:46 of 1st period - Shot Misses the Net.
6:05 of 1st period - Slapshot by Danny Richmond.
6:05 of 1st period - Deflect By Justin Schultz.
6:05 of 1st period - Stopped by Marc-André Fleury with a rebound.
6:11 of 1st period - Evander Kane is hit by Michael Grabner and loses puck.
6:34 of 1st period - Danny Richmond is hit by Ryan Carter and loses puck.
7:11 of 1st period - Slapshot by Zach Bogosian.
7:11 of 1st period - Stopped by Marc-André Fleury without a rebound.
7:12 of 1st period - Erik Christensen wins face-off versus Ryan Carter in Maple Leafs zone.
7:15 of 1st period - Snap shot by Kyle Okposo.
7:15 of 1st period - Stopped by Marc-André Fleury without a rebound.
7:16 of 1st period - Rob Schremp wins face-off versus Erik Christensen in Maple Leafs zone.
7:31 of 1st period - Snap shot by Michael Grabner.
7:31 of 1st period - Stopped by Robin Lehner with a rebound.
7:42 of 1st period - Off-side.
7:43 of 1st period - Zac Dalpe wins face-off versus J.T. Miller in neutral zone.
7:46 of 1st period - Evander Kane is hit by Colby Armstrong and loses puck.
7:57 of 1st period - Wrist shot by Jaromir Jagr.
7:57 of 1st period - Shot Misses the Net.
7:59 of 1st period - Slapshot by Jakub Kindl.
7:59 of 1st period - Shot Blocked by Colby Armstrong.
8:09 of 1st period - Tobias Enstrom is hit by Patrice Cormier and loses puck.
8:40 of 1st period - Wrist shot by Erik Christensen.
8:40 of 1st period - Shot Misses the Net.
8:42 of 1st period - Wrist shot by Rob Scuderi.
8:42 of 1st period - Stopped by Marc-André Fleury with a rebound.
9:04 of 1st period - Snap shot by Evander Kane.
9:04 of 1st period - Shot Misses the Net.
9:24 of 1st period - Snap shot by Claude Giroux.
9:24 of 1st period - Shot Blocked by Boyd Devereaux.
9:26 of 1st period - Slapshot by Braydon Coburn.
9:26 of 1st period - Stopped by Robin Lehner with a rebound.
9:28 of 1st period - Slapshot by Braydon Coburn.
9:28 of 1st period - Deflect By Boyd Devereaux.
9:28 of 1st period - Stopped by Robin Lehner without a rebound.
9:29 of 1st period - Erik Christensen wins face-off versus Ryan Carter in Sabres zone.
9:36 of 1st period - Ryan Carter is hit by Matt Martin and loses puck.
10:00 of 1st period - Snap shot by Claude Giroux.
10:00 of 1st period - Stopped by Robin Lehner with a rebound.
10:18 of 1st period - Slapshot by Marc-Édouard Vlasic.
10:18 of 1st period - Stopped by Robin Lehner with a rebound.
10:20 of 1st period - Wrist shot by Eric Nystrom.
10:20 of 1st period - Stopped by Robin Lehner without a rebound.
10:21 of 1st period - Erik Christensen wins face-off versus Zac Dalpe in Sabres zone.
10:54 of 1st period - Off-side.
10:55 of 1st period - Erik Christensen wins face-off versus Rob Schremp in neutral zone.
12:08 of 1st period - Slapshot by Zach Bogosian.
12:08 of 1st period - Deflect By Zack Kassian.
12:08 of 1st period - Stopped by Marc-André Fleury with a rebound.
13:04 of 1st period - Michael Haley is hit by Ryan Carter and loses puck.
13:37 of 1st period - Michael Haley is hit by Marc-Édouard Vlasic and loses puck.
13:50 of 1st period - Snap shot by Jordan Staal.
13:50 of 1st period - Shot Misses the Net.
13:52 of 1st period - Wrist shot by Tobias Enstrom.
13:52 of 1st period - Stopped by Robin Lehner without a rebound.
13:53 of 1st period - Jordan Staal wins face-off versus Erik Christensen in Sabres zone.
13:56 of 1st period - Slapshot by Alexander Frolov.
13:56 of 1st period - Shot Misses the Net.
14:15 of 1st period - Minor Penalty to Erik Christensen for Hooking.
14:16 of 1st period - Jordan Staal wins face-off versus Boyd Devereaux in Sabres zone.
14:32 of 1st period - Snap shot by Jaromir Jagr.
14:32 of 1st period - Goal by Jaromir Jagr - Maple Leafs : 0 - Sabres : 1.
14:33 of 1st period - Jordan Staal wins face-off versus Boyd Devereaux in neutral zone.
14:38 of 1st period - Danny Richmond is hit by Claude Giroux and loses puck.
15:04 of 1st period - Marc-Édouard Vlasic is hit by Jaromir Jagr and loses puck.
15:10 of 1st period - Icing by Fabian Brunnstrom.
15:11 of 1st period - Fabian Brunnstrom wins face-off versus Boyd Devereaux in Maple Leafs zone.
15:22 of 1st period - Wrist shot by Fabian Brunnstrom.
15:22 of 1st period - Stopped by Robin Lehner without a rebound.
15:23 of 1st period - Jordan Staal wins face-off versus Patrice Cormier in Sabres zone.
15:24 of 1st period - Wrist shot by Claude Giroux.
15:24 of 1st period - Goal by Claude Giroux - Maple Leafs : 1 - Sabres : 1.
15:25 of 1st period - J.T. Miller wins face-off versus Alexander Frolov in neutral zone.
15:52 of 1st period - Evander Kane is hit by Zac Dalpe and loses puck.
16:01 of 1st period - Slapshot by Eric Nystrom.
16:01 of 1st period - Shot Misses the Net.
17:04 of 1st period - Wrist shot by Zack Kassian.
17:04 of 1st period - Shot Misses the Net.
17:42 of 1st period - Off-side.
17:43 of 1st period - Jordan Staal wins face-off versus Erik Christensen in neutral zone.
17:54 of 1st period - Kyle Okposo is hit by Alexander Frolov and loses puck.
18:21 of 1st period - Snap shot by Erik Christensen.
18:21 of 1st period - Shot Blocked by Colby Armstrong.
18:51 of 1st period - Snap shot by Jordan Staal.
18:51 of 1st period - Shot Misses the Net.
19:03 of 1st period - Braydon Coburn is hit by Matt Martin and loses puck.
19:36 of 1st period - Snap shot by Alexander Frolov.
19:36 of 1st period - Stopped by Robin Lehner without a rebound.
19:37 of 1st period - J.T. Miller wins face-off versus Rob Schremp in Sabres zone.
Goals for this period are 1 for Maple Leafs vs 1 for Sabres.
Shots for this period are 12 for Maple Leafs vs 7 for Sabres.
2nd period
0:01 of 2nd period - Jordan Staal wins face-off versus J.T. Miller in neutral zone.
0:04 of 2nd period - Snap shot by Claude Giroux.
0:04 of 2nd period - Stopped by Robin Lehner with a rebound.
0:06 of 2nd period - Snap shot by Tobias Enstrom.
0:06 of 2nd period - Deflect By Jordan Staal.
0:06 of 2nd period - Shot Blocked by Randy Jones.
0:06 of 2nd period - Puck is out of play.
0:07 of 2nd period - J.T. Miller wins face-off versus Jordan Staal in Sabres zone.
0:07 of 2nd period - J.T. Miller is hit by Jordan Staal.
0:28 of 2nd period - Off-side.
0:29 of 2nd period - Boyd Devereaux wins face-off versus Rob Schremp in neutral zone.
0:34 of 2nd period - Snap shot by Boyd Devereaux.
0:34 of 2nd period - Shot Misses the Net.
0:36 of 2nd period - Slapshot by Zach Bogosian.
0:36 of 2nd period - Deflect By Rob Schremp.
0:36 of 2nd period - Stopped by Marc-André Fleury without a rebound.
0:37 of 2nd period - Rob Schremp wins face-off versus Boyd Devereaux in Maple Leafs zone.
0:43 of 2nd period - Off-side.
0:44 of 2nd period - J.T. Miller wins face-off versus Rob Schremp in neutral zone.
1:10 of 2nd period - Jakub Kindl is hit by Claude Giroux and loses puck.
1:30 of 2nd period - Off-side.
1:31 of 2nd period - Patrice Cormier wins face-off versus Zac Dalpe in neutral zone.
1:36 of 2nd period - Wrist shot by Patrice Cormier.
1:36 of 2nd period - Stopped by Marc-André Fleury without a rebound.
1:37 of 2nd period - Rob Schremp wins face-off versus J.T. Miller in Maple Leafs zone.
1:42 of 2nd period - Tobias Enstrom is hit by Zach Bogosian and loses puck.
1:59 of 2nd period - Minor Penalty to Rob Schremp for Hooking.
2:00 of 2nd period - J.T. Miller wins face-off versus Jordan Staal in Maple Leafs zone.
3:06 of 2nd period - Matt Martin is hit by Alexander Frolov.
3:59 of 2nd period - Penalty to Rob Schremp is over, Rob Schremp is back on ice.
4:01 of 2nd period - Marc-Édouard Vlasic is hit by Jaromir Jagr.
4:07 of 2nd period - Randy Jones is hit by Eric Nystrom and loses puck.
4:34 of 2nd period - Snap shot by Rob Schremp.
4:34 of 2nd period - Stopped by Robin Lehner with a rebound.
4:36 of 2nd period - Slapshot by Tobias Enstrom.
4:36 of 2nd period - Deflect By Rob Schremp.
4:36 of 2nd period - Shot Blocked by Jordan Leopold.
4:36 of 2nd period - Puck is out of play.
4:37 of 2nd period - Jordan Staal wins face-off versus Patrice Cormier in Sabres zone.
4:42 of 2nd period - Backhand shot by Jordan Staal.
4:42 of 2nd period - Stopped by Robin Lehner without a rebound.
4:43 of 2nd period - Jordan Staal wins face-off versus Patrice Cormier in Sabres zone.
4:44 of 2nd period - Snap shot by Claude Giroux.
4:44 of 2nd period - Stopped by Robin Lehner with a rebound.
4:46 of 2nd period - Slapshot by Tobias Enstrom.
4:46 of 2nd period - Shot Misses the Net.
4:48 of 2nd period - Wrist shot by Claude Giroux.
4:48 of 2nd period - Stopped by Robin Lehner without a rebound.
4:49 of 2nd period - Rob Schremp wins face-off versus J.T. Miller in Sabres zone.
5:43 of 2nd period - Snap shot by Jordan Staal.
5:43 of 2nd period - Stopped by Robin Lehner with a rebound.
5:49 of 2nd period - Slapshot by Zach Bogosian.
5:49 of 2nd period - Deflect By Boyd Devereaux.
5:49 of 2nd period - Shot Blocked by Jordan Staal.
5:49 of 2nd period - Puck is out of play.
5:50 of 2nd period - Evander Kane wins face-off versus Rob Schremp in Maple Leafs zone.
5:59 of 2nd period - Snap shot by Rob Schremp.
5:59 of 2nd period - Stopped by Robin Lehner with a rebound.
6:01 of 2nd period - Slapshot by Justin Schultz.
6:01 of 2nd period - Stopped by Robin Lehner with a rebound.
6:03 of 2nd period - Snap shot by Michael Grabner.
6:03 of 2nd period - Stopped by Robin Lehner without a rebound.
6:04 of 2nd period - Erik Christensen wins face-off versus Jordan Staal in Sabres zone.
6:19 of 2nd period - Wrist shot by Alexander Frolov.
6:19 of 2nd period - Stopped by Robin Lehner with a rebound.
6:21 of 2nd period - Slapshot by Tobias Enstrom.
6:21 of 2nd period - Shot Blocked by Kyle Okposo.
7:36 of 2nd period - Slapshot by Matt Martin.
7:36 of 2nd period - Shot Misses the Net.
7:38 of 2nd period - Wrist shot by Kyle Okposo.
7:38 of 2nd period - Stopped by Marc-André Fleury without a rebound.
7:39 of 2nd period - Erik Christensen wins face-off versus Jordan Staal in Maple Leafs zone.
7:40 of 2nd period - Snap shot by Kyle Okposo.
7:40 of 2nd period - Shot Misses the Net.
7:42 of 2nd period - Snap shot by Matt Martin.
7:42 of 2nd period - Shot Misses the Net.
7:44 of 2nd period - Snap shot by Erik Christensen.
7:44 of 2nd period - Shot Blocked by Alexander Frolov.
7:46 of 2nd period - Slapshot by Matt Martin.
7:46 of 2nd period - Shot Blocked by Braydon Coburn.
7:48 of 2nd period - Wrist shot by Rob Scuderi.
7:48 of 2nd period - Shot Misses the Net.
7:50 of 2nd period - Wrist shot by Rob Scuderi.
7:50 of 2nd period - Stopped by Marc-André Fleury without a rebound.
7:51 of 2nd period - J.T. Miller wins face-off versus Rob Schremp in Maple Leafs zone.
8:16 of 2nd period - Jordan Staal is hit by Brandon Bollig.
8:20 of 2nd period - Snap shot by Alexander Frolov.
8:20 of 2nd period - Stopped by Robin Lehner with a rebound.
8:24 of 2nd period - Slapshot by Claude Giroux.
8:24 of 2nd period - Stopped by Robin Lehner without a rebound.
8:25 of 2nd period - Rob Schremp wins face-off versus Erik Christensen in Sabres zone.
8:25 of 2nd period - Jamie McBain is hit by Danny Richmond and loses puck.
9:21 of 2nd period - Wrist shot by Zac Dalpe.
9:21 of 2nd period - Stopped by Robin Lehner with a rebound.
9:33 of 2nd period - Snap shot by Rob Schremp.
9:33 of 2nd period - Stopped by Robin Lehner with a rebound.
10:05 of 2nd period - Snap shot by Erik Christensen.
10:05 of 2nd period - Stopped by Marc-André Fleury with a rebound.
10:36 of 2nd period - Snap shot by Claude Giroux.
10:36 of 2nd period - Goal by Claude Giroux - Maple Leafs : 2 - Sabres : 1.
10:37 of 2nd period - J.T. Miller wins face-off versus Jordan Staal in neutral zone.
10:44 of 2nd period - Wrist shot by Evander Kane.
10:44 of 2nd period - Shot Blocked by Tobias Enstrom.
11:15 of 2nd period - Randy Jones is hit by Braydon Coburn and loses puck.
11:22 of 2nd period - Minor Penalty to Fabian Brunnstrom for Interference.
11:23 of 2nd period - J.T. Miller wins face-off versus Jordan Staal in Maple Leafs zone.
11:36 of 2nd period - Slapshot by Zach Bogosian.
11:36 of 2nd period - Shot Blocked by Claude Giroux.
11:38 of 2nd period - Slapshot by Danny Richmond.
11:38 of 2nd period - Stopped by Marc-André Fleury without a rebound.
11:39 of 2nd period - Jordan Staal wins face-off versus J.T. Miller in Maple Leafs zone.
12:01 of 2nd period - Icing by J.T. Miller.
12:02 of 2nd period - Matt Martin wins face-off versus Jordan Staal in Sabres zone.
12:22 of 2nd period - Wrist shot by Evander Kane.
12:22 of 2nd period - Shot Blocked by Alexander Frolov.
13:22 of 2nd period - Penalty to Fabian Brunnstrom is over, Fabian Brunnstrom is back on ice.
13:42 of 2nd period - Michael Haley is hit by Jamie McBain and loses puck.
14:14 of 2nd period - Colby Armstrong is hit by Evander Kane and loses puck.
14:35 of 2nd period - Braydon Coburn is hit by Matt Martin and loses puck.
14:46 of 2nd period - Wrist shot by Boyd Devereaux.
14:46 of 2nd period - Shot Misses the Net.
15:05 of 2nd period - Icing by Braydon Coburn.
15:06 of 2nd period - Patrice Cormier wins face-off versus Rob Schremp in Maple Leafs zone.
15:11 of 2nd period - Slapshot by Kyle Okposo.
15:11 of 2nd period - Shot Blocked by Tobias Enstrom.
15:39 of 2nd period - Slapshot by Tobias Enstrom.
15:39 of 2nd period - Shot Blocked by Rob Scuderi.
16:01 of 2nd period - Jakub Kindl is hit by Jordan Staal and loses puck.
16:22 of 2nd period - Wrist shot by Ryan Carter.
16:22 of 2nd period - Shot Misses the Net.
16:24 of 2nd period - Snap shot by Blake Comeau.
16:24 of 2nd period - Stopped by Robin Lehner without a rebound.
16:25 of 2nd period - Jordan Staal wins face-off versus J.T. Miller in Sabres zone.
16:37 of 2nd period - Minor Penalty to Evander Kane for Roughing.
16:38 of 2nd period - Jordan Staal wins face-off versus Patrice Cormier in Sabres zone.
16:42 of 2nd period - Wrist shot by Claude Giroux.
16:42 of 2nd period - Goal by Claude Giroux - Maple Leafs : 3 - Sabres : 1.
16:43 of 2nd period - Erik Christensen wins face-off versus Jordan Staal in neutral zone.
16:58 of 2nd period - Slapshot by Jordan Staal.
16:58 of 2nd period - Stopped by Robin Lehner with a rebound.
17:00 of 2nd period - Slapshot by Braydon Coburn.
17:00 of 2nd period - Stopped by Robin Lehner with a rebound.
17:36 of 2nd period - Wrist shot by Evander Kane.
17:36 of 2nd period - Stopped by Marc-André Fleury without a rebound.
17:37 of 2nd period - J.T. Miller wins face-off versus Jordan Staal in Maple Leafs zone.
17:40 of 2nd period - Snap shot by Evander Kane.
17:40 of 2nd period - Shot Blocked by Claude Giroux.
18:10 of 2nd period - Slapshot by Braydon Coburn.
18:10 of 2nd period - Stopped by Robin Lehner without a rebound.
18:11 of 2nd period - Patrice Cormier wins face-off versus Rob Schremp in Sabres zone.
18:11 of 2nd period - Patrice Cormier is hit by Jamie McBain.
18:16 of 2nd period - Jordan Leopold is hit by Jamie McBain and loses puck.
19:17 of 2nd period - Blake Comeau is hit by Rob Scuderi and loses puck.
19:26 of 2nd period - Slapshot by Justin Schultz.
19:26 of 2nd period - Deflect By Zach Bogosian.
19:26 of 2nd period - Stopped by Robin Lehner without a rebound.
19:27 of 2nd period - Alexander Frolov wins face-off versus J.T. Miller in Sabres zone.
19:42 of 2nd period - Snap shot by Jordan Staal.
19:42 of 2nd period - Stopped by Robin Lehner without a rebound.
19:43 of 2nd period - Boyd Devereaux wins face-off versus Rob Schremp in Sabres zone.
19:43 of 2nd period - Boyd Devereaux is hit by Fabian Brunnstrom.
19:59 of 2nd period - Slapshot by Tobias Enstrom.
19:59 of 2nd period - Stopped by Robin Lehner without a rebound.
Goals for this period are 2 for Maple Leafs vs 0 for Sabres.
Shots for this period are 23 for Maple Leafs vs 7 for Sabres.
3rd period
0:01 of 3rd period - Jordan Staal wins face-off versus J.T. Miller in neutral zone.
0:08 of 3rd period - Off-side.
0:09 of 3rd period - Jordan Staal wins face-off versus Jaromir Jagr in neutral zone.
0:14 of 3rd period - Backhand shot by Jaromir Jagr.
0:14 of 3rd period - Goal by Jaromir Jagr - Maple Leafs : 3 - Sabres : 2.
0:15 of 3rd period - J.T. Miller wins face-off versus Claude Giroux in neutral zone.
1:45 of 3rd period - Ryan Carter is hit by Jordan Leopold and loses puck.
2:07 of 3rd period - Icing by Ryan Carter.
2:08 of 3rd period - Erik Christensen wins face-off versus Jordan Staal in Maple Leafs zone.
2:53 of 3rd period - Icing by Tobias Enstrom.
2:54 of 3rd period - J.T. Miller wins face-off versus Rob Schremp in Maple Leafs zone.
2:57 of 3rd period - Slapshot by Evander Kane.
2:57 of 3rd period - Goal by Evander Kane - Maple Leafs : 3 - Sabres : 3.
2:58 of 3rd period - J.T. Miller wins face-off versus Jordan Staal in neutral zone.
3:09 of 3rd period - Snap shot by Jordan Staal.
3:09 of 3rd period - Deflect By Jakub Kindl.
3:09 of 3rd period - Shot Blocked by Randy Jones.
3:09 of 3rd period - Puck is out of play.
3:10 of 3rd period - Erik Christensen wins face-off versus Jordan Staal in Sabres zone.
3:10 of 3rd period - Erik Christensen is hit by Alexander Frolov.
3:40 of 3rd period - Minor Penalty to Zac Dalpe for Hooking.
3:41 of 3rd period - J.T. Miller wins face-off versus Jordan Staal in Maple Leafs zone.
3:45 of 3rd period - Snap shot by Evander Kane.
3:45 of 3rd period - Shot Misses the Net.
5:40 of 3rd period - Penalty to Zac Dalpe is over, Zac Dalpe is back on ice.
5:48 of 3rd period - Snap shot by Michael Haley.
5:48 of 3rd period - Shot Misses the Net.
5:50 of 3rd period - Snap shot by Danny Richmond.
5:50 of 3rd period - Stopped by Marc-André Fleury without a rebound.
5:51 of 3rd period - Patrice Cormier wins face-off versus Rob Schremp in Maple Leafs zone.
6:18 of 3rd period - Brandon Bollig is hit by Zac Dalpe and loses puck.
6:35 of 3rd period - Jakub Kindl is hit by Justin Abdelkader and loses puck.
6:58 of 3rd period - Snap shot by Zach Bogosian.
6:58 of 3rd period - Stopped by Marc-André Fleury with a rebound.
7:29 of 3rd period - Zac Dalpe is hit by Danny Richmond and loses puck.
8:11 of 3rd period - Slapshot by Erik Christensen.
8:11 of 3rd period - Stopped by Marc-André Fleury with a rebound.
8:13 of 3rd period - Snap shot by Matt Martin.
8:13 of 3rd period - Stopped by Marc-André Fleury with a rebound.
8:15 of 3rd period - Slapshot by Jordan Leopold.
8:15 of 3rd period - Shot Misses the Net.
8:59 of 3rd period - Wrist shot by Zac Dalpe.
8:59 of 3rd period - Stopped by Robin Lehner without a rebound.
9:00 of 3rd period - J.T. Miller wins face-off versus Zac Dalpe in Sabres zone.
9:31 of 3rd period - Snap shot by Eric Nystrom.
9:31 of 3rd period - Shot Blocked by Randy Jones.
9:33 of 3rd period - Snap shot by Eric Nystrom.
9:33 of 3rd period - Stopped by Robin Lehner without a rebound.
9:34 of 3rd period - Erik Christensen wins face-off versus Alexander Frolov in Sabres zone.
9:39 of 3rd period - Snap shot by Zach Bogosian.
9:39 of 3rd period - Stopped by Marc-André Fleury with a rebound.
10:00 of 3rd period - Fabian Brunnstrom is hit by Zack Kassian and loses puck.
10:51 of 3rd period - Snap shot by Claude Giroux.
10:51 of 3rd period - Shot Misses the Net.
10:53 of 3rd period - Wrist shot by Jordan Staal.
10:53 of 3rd period - Deflect By Alexander Frolov.
10:53 of 3rd period - Stopped by Robin Lehner without a rebound.
10:54 of 3rd period - Jordan Staal wins face-off versus J.T. Miller in Sabres zone.
11:33 of 3rd period - Snap shot by Colby Armstrong.
11:33 of 3rd period - Stopped by Robin Lehner without a rebound.
11:34 of 3rd period - Erik Christensen wins face-off versus Jordan Staal in Sabres zone.
11:43 of 3rd period - Claude Giroux is hit by Kyle Okposo and loses puck.
12:20 of 3rd period - Jordan Leopold is hit by Colby Armstrong and loses puck.
12:27 of 3rd period - Slapshot by Danny Richmond.
12:27 of 3rd period - Stopped by Marc-André Fleury with a rebound.
12:29 of 3rd period - Wrist shot by Mike Leclerc.
12:29 of 3rd period - Goal by Mike Leclerc - Maple Leafs : 3 - Sabres : 4.
12:30 of 3rd period - Erik Christensen wins face-off versus Jordan Staal in neutral zone.
13:26 of 3rd period - Snap shot by Zack Kassian.
13:26 of 3rd period - Stopped by Marc-André Fleury with a rebound.
13:58 of 3rd period - Marc-Édouard Vlasic is hit by Michael Haley and loses puck.
15:29 of 3rd period - Wrist shot by Matt Martin.
15:29 of 3rd period - Deflect By Erik Christensen.
15:29 of 3rd period - Goal by Erik Christensen - Maple Leafs : 3 - Sabres : 5.
15:30 of 3rd period - Brandon Bollig wins face-off versus Zac Dalpe in neutral zone.
15:38 of 3rd period - Off-side.
15:39 of 3rd period - Boyd Devereaux wins face-off versus Zac Dalpe in neutral zone.
15:44 of 3rd period - Braydon Coburn is hit by Zach Bogosian.
15:53 of 3rd period - Off-side.
15:54 of 3rd period - Jordan Staal wins face-off versus Patrice Cormier in neutral zone.
16:31 of 3rd period - Snap shot by Boyd Devereaux.
16:31 of 3rd period - Stopped by Marc-André Fleury with a rebound.
16:33 of 3rd period - Snap shot by Boyd Devereaux.
16:33 of 3rd period - Stopped by Marc-André Fleury without a rebound.
16:34 of 3rd period - J.T. Miller wins face-off versus Rob Schremp in Maple Leafs zone.
16:43 of 3rd period - Slapshot by Jamie McBain.
16:43 of 3rd period - Deflect By Fabian Brunnstrom.
16:43 of 3rd period - Stopped by Robin Lehner with a rebound.
17:37 of 3rd period - Icing by Taylor Chorney.
17:38 of 3rd period - Erik Christensen wins face-off versus Rob Schremp in Maple Leafs zone.
18:14 of 3rd period - Icing by Colby Armstrong.
18:15 of 3rd period - Patrice Cormier wins face-off versus Zac Dalpe in Maple Leafs zone.
18:20 of 3rd period - Slapshot by Michael Haley.
18:20 of 3rd period - Stopped by Marc-André Fleury with a rebound.
18:24 of 3rd period - Snap shot by Mike Leclerc.
18:24 of 3rd period - Stopped by Marc-André Fleury without a rebound.
18:25 of 3rd period - Alexander Frolov wins face-off versus Patrice Cormier in Maple Leafs zone.
18:25 of 3rd period - Alexander Frolov is hit by Michael Haley.
18:38 of 3rd period - Minor Penalty to Mike Leclerc for Cross-checking.
18:39 of 3rd period - Jordan Staal wins face-off versus Boyd Devereaux in Sabres zone.
18:43 of 3rd period - Snap shot by Jordan Staal.
18:43 of 3rd period - Shot Misses the Net.
18:45 of 3rd period - Slapshot by Braydon Coburn.
18:45 of 3rd period - Stopped by Robin Lehner with a rebound.
19:07 of 3rd period - Braydon Coburn is hit by Rob Scuderi and loses puck.
19:15 of 3rd period - Snap shot by Fabian Brunnstrom.
19:15 of 3rd period - Shot Blocked by Rob Scuderi.
Goals for this period are 0 for Maple Leafs vs 4 for Sabres.
Shots for this period are 6 for Maple Leafs vs 15 for Sabres.
Back to the Top